 Dungeon Crawl Stone Soup version 0.31.0-9-g3a7656b989 (webtiles) character file.

Game seed: 9322479991040803639

60 qw the Shooter (level 3, -2/29 HPs)
             Began as a Demigod Hunter on Feb 2, 2024.
             Slain by a gnoll
             ... wielding the +6 dagger "Sagabuabb" {flame, Dex+4}
              (3 damage)
             ... on level 2 of the Dungeon.
             The game lasted 00:00:03 (1196 turns).

qw the Shooter (Demigod Hunter)                     Turns: 1196, Time: 00:00:04

Health: -2/29      AC:  6    Str: 12    XL:     3   Next: 57%
Magic:  5/5        EV: 11    Int: 11    God:
Gold:   81         SH:  0    Dex: 21    Spells: 2/2 levels left

rFire   . . .        a - +1 shortbow
rCold   . . .        (shield currently unavailable)
rNeg    . . .        i - +0 ring mail
rPois   .            g - +0 helmet
rElec   .            (no cloak)
rCorr   .            (no gloves)
SInv    .            (no boots)
Will    .....        (no amulet)
Stlth   +            (no ring)
HPRegen 0.24/turn    (no ring)
MPRegen 0.09/turn

%: no passive effects
@: no status effects
A: high MP 1, forlorn, divine attributes
a: no special abilities


You were on level 2 of the Dungeon.
You visited 1 branch of the dungeon, and saw 3 of its levels.

You collected 81 gold pieces.


Innate Abilities, Weirdness & Mutations

You have an increased reservoir of magic. (+10% MP)
You shall have no god before yourself.
Your divine heritage dramatically boosts your attributes as you level up.


   Skills:
 - Level 2.0 Fighting
 + Level 4.9 Ranged Weapons
 - Level 1.7 Dodging
 - Level 0.8 Stealth


You had 2 spell levels left.
You didn't know any spells.
Your spell library was empty.

Inventory:

Hand Weapons
 a - a +1 shortbow (weapon)
Armour
 g - a +0 helmet (worn)
 i - a +0 ring mail (worn)
Scrolls
 c - a scroll of noise {unknown}
 e - a scroll of identify
Potions
 b - 2 potions of heal wounds {unknown}
 d - a potion of curing {unknown}
 h - a potion of enlightenment

Dungeon Overview and Level Annotations

Branches:
Dungeon (3/15)

Annotations:
D:2 Jessica


Message History

You shoot an arrow. The arrow closely misses the gnoll. x2
You shoot an arrow. The arrow hits the gnoll!
The gnoll is almost dead.
You shoot an arrow. The arrow hits the gnoll.
You kill the gnoll!
You have reached level 3!
Your experience leads to a dramatic increase in your attributes!
Increase (S)trength, (I)ntelligence, or (D)exterity?
You feel agile. x4
You shoot an arrow. The arrow hits the gnoll!
The gnoll is heavily wounded.
The gnoll barely misses you.
You shoot an arrow. The arrow closely misses the gnoll.
The gnoll hits you with a +0 whip.
A gnoll comes into view.
It is wielding the +6 dagger "Sagabuabb" {flame, Dex+4}.
Enter note:
Enter note: You shoot an arrow.
The arrow hits the gnoll but does no damage.
The gnoll is heavily wounded.
The gnoll hits you with a +0 whip.
You shoot an arrow. The arrow barely misses the gnoll.
The gnoll hits you with a +0 whip. x3; The gnoll hits you but does no damage.
You shoot an arrow. The arrow hits the gnoll.
The gnoll is almost dead.
The gnoll hits you but does no damage. x2
You shoot an arrow. The arrow completely misses the gnoll.
The gnoll hits you with a +0 whip. x2
You shoot an arrow. The arrow hits the gnoll.
You kill the gnoll!
The gnoll completely misses you. The gnoll barely misses you. x2
You shoot an arrow. The arrow hits the gnoll!
You kill the gnoll!
The gnoll hits you with the +6 dagger "Sagabuabb" {flame, Dex+4}.
The gnoll burns you.
You shoot an arrow. The arrow hits the gnoll.
The gnoll is moderately wounded.
The gnoll hits you with the +6 dagger "Sagabuabb" {flame, Dex+4}!
The gnoll burns you.
You die...

###.#####.# ...>.
..# ... ..[# ###
... ...# .. ...#
.. ...# ####. ...#
########..). ...#
#.......$g# ...#
#........@# ...#
#.........# ...#
#.........#
...#####.........#
###..............#
.....%...%.......#
###.#%...........#
#.#.##.........#
#...##.........#


You could see a gnoll.

Vanquished Creatures
  3 gnolls (D:2)
  3 ball pythons (D:2)
  3 endoplasms (D:2)
  A giant cockroach (D:1)
  3 hobgoblins (D:1)
  3 jackals (D:2)
  4 kobolds (D:1)
  4 bats
  4 frilled lizards
  2 rats
30 creatures vanquished.

Notes
Turn   | Place    | Note
-------+----------+-------------------------------------------
     0 | D:1      | qw the Demigod Hunter began the quest for the Orb.
     0 | D:1      | Reached XP level 1. HP: 17/17 MP: 3/3
     0 | D:1      | 0 ||| qw: Version: 0.3-a-155-g5e7d8dd
     0 | D:1      | 0 ||| qw: Game counter: 308
     0 | D:1      | 0 ||| qw: Melee chars always use a shield: true
     0 | D:1      | 0 ||| qw: God list: Okawaru
     0 | D:1      | 0 ||| qw: Allow faded altars: false
     0 | D:1      | 0 ||| qw: Do Orc after clearing Dungeon:15 true
     0 | D:1      | 0 ||| qw: Do second Lair branch before Depths: true
     0 | D:1      | 0 ||| qw: Lair rune preference: random
     0 | D:1      | 0 ||| qw: Goals: Normal
     0 | D:1      | 0 ||| PLANNING D:1-11
   334 | D:1      | Reached skill level 4 in Ranged Weapons
   470 | D:1      | Reached XP level 2. HP: 24/24 MP: 4/4
   858 | D:1      | 858 ||| UPGRADING to +0 helmet.
   863 | D:1      | 863 ||| UPGRADING to +0 ring mail.
   873 | D:1      | 873 ||| DROPPING +0 leather armour.
   874 | D:1      | 874 ||| READING scroll labelled RUATHR PUIGEPH.
   874 | D:1      | 874 ||| ENCHANTING +0 shortbow.
   875 | D:1      | 875 ||| READING 2 scrolls labelled SEODORHUOT.
   875 | D:1      | 875 ||| IDENTIFYING puce potion
   876 | D:1      | 876 ||| READING scroll of identify.
   876 | D:1      | 876 ||| IDENTIFYING scroll labelled XIUPNA ZENAEG
   877 | D:1      | 877 ||| READING scroll labelled MEYRUF YSOEBLU.
   881 | D:1      | 881 ||| DROPPING scroll of butterflies.
   882 | D:1      | 882 ||| DROPPING scroll of vulnerability.
   904 | D:2      | Noticed Jessica
   904 | D:2      | You fall into a shaft and drop 1 floor!
  1188 | D:2      | Reached XP level 3. HP: 29/29 MP: 5/5
  1189 | D:2      | Identified the +6 dagger "Sagabuabb" {flame, Dex+4}
  1195 | D:2      | HP: 7/29 [gnoll/the +6 dagger "Sagabuabb" {flame, Dex+4}
                  | (1)]
  1196 | D:2      | HP: 1/29 [gnoll/the +6 dagger "Sagabuabb" {flame, Dex+4}
                  | (7)]
  1196 | D:2      | Slain by a gnoll

Levels and vault maps discovered:
D:1:      ncdulo_smallfort, layout_basic, minmay_octomino_j4
D:2:      layout_basic, minmay_bisected, uniq_natasha, uniq_jessica
D:3:      layout_loops_cross, lemuel_doored_altar, okawaru_altar_gauntlet_db

Skill      XL: |  1 |
---------------+----+-----
Ranged Weapons | 4 |  4.9
Fighting       | 2 |  2.0
Dodging        | |  1.7
Stealth        | |  0.8

Action                     || total
---------------------------++-------
   Fire: Shortbow          ||    75
    Use: Scroll            ||     4
 Armour: Leather armour    ||     6
         Ring mail         ||    18
  Dodge: Dodged            ||    21

Table legend:
 A = Non-vault XP
 B = Vault XP
 C = Vault XP percentage of total XP
 D = Non-vault monster count
 E = Vault monster count
 F = Vault count percentage of total count
                 A         B        C        D         E       F
            +---------+---------+-------+---------+---------+-------
      Total |      84 |       3 |   3.4 |      28 |       2 |   6.7
            +---------+---------+-------+---------+---------+-------
        D:1 |      17 |       3 |  15.0 |      11 |       2 |  15.4
        D:2 |      65 |       0 |   0.0 |      15 |       0 |   0.0
        D:3 |       2 |       0 |   0.0 |       2 |       0 |   0.0
            +---------+---------+-------+---------+---------+-------
